 Dungeon Crawl Stone Soup version 0.18.1-50-g88ac8fd (webtiles) character file.

4 Amnesiac the Shield-Bearer (level 1, -4/13 HPs)
             Began as a Deep Elf Fighter on Mar 2, 2018.
             Killed by nerve-wracking pain
             ... invoked by an orc priest
              (12 damage)
             ... on level 3 of the Dungeon.
             The game lasted 00:00:28 (124 turns).

Amnesiac the Shield-Bearer (Deep Elf Fighter)        Turns: 124, Time: 00:00:29

Health: -4/13      AC:  6    Str: 18    XL:     1   Next: 58%
Magic:  3/3        EV:  7    Int: 12    God:
Gold:   11         SH:  9    Dex: 14    Spells: 0 memorised, 0 levels left

rFire  . . .     SeeInvis .     a - +0 rapier
rCold  . . .     Gourm    .     b - +0 scale mail
rNeg   . . .     Faith    .     c - +0 shield
rPois  .         Spirit   .     (no helmet)
rElec  .         Dismiss  .     (no cloak)
rCorr  .         Reflect  .     (no gloves)
SustAt .         Harm     .     (no boots)
MR     .....                    (no amulet)
Stlth  ..........               (no ring)
                                (no ring)

@: mighty, not resistant to hostile enchantments, extremely unstealthy
A: no striking features
a: no special abilities


You were on level 3 of the Dungeon.
You were not hungry.

You visited 1 branch of the dungeon, and saw 3 of its levels.

You collected 11 gold pieces.

Inventory:

Hand Weapons
 a - a +0 rapier (weapon)
Armour
 b - a +0 scale mail (worn)
 c - a +0 shield (worn)
Comestibles
 f - a bread ration


   Skills:
 - Level 2.4 Fighting
 - Level 2.0 Short Blades
 - Level 2.4 Armour
 + Level 1.4 Dodging
 - Level 2.4 Shields


You couldn't memorise any spells.
You didn't know any spells.

Dungeon Overview and Level Annotations

Branches:
Dungeon (3/15)

Altars:


Message History

You hit the goblin.
The goblin is moderately wounded.
The goblin hits you but does no damage.
You hit the goblin.
You kill the goblin!
No target in view!
No target in view!
Things that are here:
a dagger; a goblin corpse
Found 11 gold pieces.
There is a stone staircase leading down here.
Found 3 silver tomahawks.
You now have 11 gold pieces.
A rat comes into view.
There is a stone staircase leading down here.
You hit the rat.
You kill the rat!
Your Dodging skill increases to level 1!
No target in view!
No target in view!
There is a stone staircase leading down here.
You climb downwards.
There is a stone staircase leading up here.
No target in view!
Found a spear.
You see here a spear.
A rat comes into view.
A rat is nearby!
You hit the rat.
You kill the rat!
No target in view!
You see here a rat corpse.
No target in view!
A rat comes into view.
A rat is nearby!
A rat is nearby!
You block the rat's attack.
You hit the rat.
You kill the rat!
No target in view!
As you open the door, it creaks loudly!
Found an escape hatch in the floor.
Found a stone staircase leading down.
A rat comes into view.
There is an open door here.
You block the rat's attack.
You hit the rat.
You kill the rat!
No target in view!
No target in view!
There is a stone staircase leading down here.
You climb downwards. 2 orcs and an orc priest come into view.
The orc shouts! x2; You hear a shout!
Found 7 gold pieces and 14 stones.
Found a stone staircase leading down.
There is a stone staircase leading up here.
Drink which item? (? for menu, Esc to quit)
Really quaff
d - a potion of might {!q}?
You feel very mighty all of a sudden. The orc priest hits you.
You block the orc's attack.
You puncture the orc priest!
The orc priest is almost dead.
The orc priest calls down the wrath of Beogh upon you.
Pain shoots through your body!
Ouch! That really hurt!
You die...

.########
......o@#
..$>....o..#
........(o.#
.##.###.##.#
.. #.# .# .#
#.# # #.#
#.#


You could see an orc priest and 2 orcs.

Vanquished Creatures
  2 goblins (D:1)
  4 rats
6 creatures vanquished.

Notes
Turn   | Place    | Note
--------------------------------------------------------------
     0 | D:1      | Amnesiac the Deep Elf Fighter began the quest for the Orb.
     0 | D:1      | Reached XP level 1. HP: 13/13 MP: 3/3
    45 | D:1      | Reached skill level 1 in Dodging
   122 | D:3      | Noticed an orc priest
   124 | D:3      | Killed from afar by an orc priest

Skill      XL: |  1 |
---------------+----+-----
Dodging        | 1 |  1.4
Fighting       | |  2.4
Short Blades   | |  2.0
Armour         | |  2.4
Shields        | |  2.4

Action                   || total
-------------------------++-------
Melee: Rapier            ||    10
  Use: Potion            ||     1
Armor: Scale mail        ||     4
Block: Shield            ||     4
